 Dungeon Crawl Stone Soup version 0.22-a0-456-g11ed031 (webtiles) character file.

35 DrEnzyme the Sneak (level 3, 0/21 HPs)
             Began as an Octopode Wanderer on June 6, 2018.
             Slain by a centaur zombie (1 damage)
             ... on level 2 of the Dungeon.
             The game lasted 00:04:00 (1452 turns).

DrEnzyme the Sneak (Octopode Wanderer)              Turns: 1452, Time: 00:04:01

Health: 0/21       AC:  1    Str: 13    XL:     3   Next: 35%
Magic:  3/3        EV: 12    Int: 12    God:
Gold:   34         SH:  0    Dex: 12    Spells: 2/2 levels left

rFire    . . .     SeeInvis .   a - +4 short sword
rCold    . . .     Gourm    .   (no shield)
rNeg     . . .     Faith    .   (helmet restricted)
rPois    .         Spirit   .   (no amulet)
rElec    .         Reflect  .   (no ring)
rCorr    .         Harm     .   (no ring)
MR       .....                  (no ring)
Stlth    ++++......             (no ring)
HPRegen  0.07/turn              (no ring)
MPRegen  0.08/turn              (no ring)
                                (no ring)
                                (no ring)

@: no status effects
A: almost no armour, stealthy swim, amphibious, 8 rings, constrict 8, camouflage
1, gelatinous body 1
a: no special abilities


You were on level 2 of the Dungeon.
You were not hungry.

You visited 1 branch of the dungeon, and saw 2 of its levels.

You collected 34 gold pieces.

Inventory:

Hand Weapons
 a - a +4 short sword (weapon)
Missiles
 b - 50 stones (quivered)
Scrolls
 g - 2 scrolls of identify
 h - a scroll of enchant armour
Potions
 c - 2 potions of curing
 k - a potion of flight {unknown}
Comestibles
 f - 2 rations


   Skills:
 * Level 2.0 Short Blades
 - Level 1.0 Dodging
 + Level 4.4 Stealth
   Level 1.0 Shields
   Level 3.0 Hexes
   Level 2.0 Transmutations


You had 2 spell levels left.
You didn't know any spells.
Your spell library contained the following spells:

 Spells                   Type           Power        Failure   Level  Hunger
 Sublimation of Blood     Necr           #.........   45%         2    ###....
 Corpse Rot               Necr           N/A          45%         2    ###....


Dungeon Overview and Level Annotations

Branches:
Dungeon (2/15)

Altars:

Annotations:
D:1 exclusion: downstairs
D:2 Robin, Sigmund


Innate Abilities, Weirdness & Mutations

You cannot wear most types of armour.
You are very stealthy in the water. (Stealth+)
You are amphibious.
You can wear up to eight rings at the same time.
You can use your tentacles to constrict eight enemies at once.
Your skin changes colour to match your surroundings (Stealth+).
Your rubbery body absorbs attacks. (AC +1, EV +1)


Message History

You hit the centaur zombie.
The centaur zombie is lightly damaged.
The centaur zombie barely misses you. The centaur zombie hits you.
You hit the centaur zombie.
The centaur zombie is moderately damaged.
The centaur zombie hits you.
You hit the centaur zombie.
The centaur zombie is heavily damaged.
The centaur zombie closely misses you.
You hit the centaur zombie. You squeeze the centaur zombie.
The centaur zombie is heavily damaged.
The centaur zombie completely misses you.
The centaur zombie closely misses you.
You hit the centaur zombie.
The centaur zombie is severely damaged.
The centaur zombie hits you!
* * * LOW HITPOINT WARNING * * *
There is a stone staircase leading up here.
The centaur zombie hits you.
You die...

.# ###.###
#.....#
#.....###
#.......# #
#......(#
..g.####.....g.#
#...)..@Z..#
....######......
# ##... #


You could see a centaur zombie and 2 goblins.

Vanquished Creatures
  An ooze (D:1)
  3 dart slugs (D:1)
  A leopard gecko (D:1)
  4 goblins
  5 hobgoblins
  2 bats (D:1)
  A frilled lizard (D:1)
  3 kobolds (D:1)
  2 rats
22 creatures vanquished.

Notes
Turn   | Place    | Note
-------+----------+-------------------------------------------
     0 | D:1      | DrEnzyme the Octopode Wanderer began the quest for the Orb.
     0 | D:1      | DrEnzyme set off with: a +2 short sword, a potion of curing, a +0 dagger, a ration
     0 | D:1      | Reached XP level 1. HP: 11/11 MP: 1/1
   123 | D:1      | Reached skill level 3 in Stealth
   156 | D:1      | Reached XP level 2. HP: 7/17 MP: 2/2
   736 | D:1      | Reached skill level 4 in Stealth
   813 | D:1      | Reached XP level 3. HP: 15/21 MP: 3/3
  1250 | D:2      | Noticed Robin
  1413 | D:2      | Noticed Sigmund
  1450 | D:2      | HP: 1/21 [centaur zombie (7)]
  1452 | D:2      | Slain by a centaur zombie

Vault maps used:
D:1:      noname_arrival_rooms_in_the_neighbourhood
D:2:      minmay_quantized, uniq_robin, uniq_natasha, uniq_sigmund

Skill      XL: |  1  2  3 |
---------------+----------+-----
Stealth        | 3 4 |  4.4
Short Blades   | 2 |  2.0
Dodging        | |  1.0
Shields        | |  1.0
Hexes          | |  3.0
Transmutations | |  2.0

Action                   || total
-------------------------++-------
Melee: Short sword       ||    41
       Constrict         ||     7
       Tentacles         ||     5
  Use: Scroll            ||     5
 Stab: Sleeping          ||     7
  Eat: Chunk             ||     2
Armor: Skin              ||     2
Dodge: Dodged            ||    21

Table legend:
 A = Spawn XP
 B = Non-spawn XP
 C = Spawn XP percentage of total XP
 D = Spawn monster count
 E = Non-spawn monster count
 F = Spawn count percentage of total count
 G = Total turns spent on level
                    A         B        C        D         E        F      G
               +---------+---------+-------+---------+---------+-------+---------
         Total |       0 |      51 |   0.0 |       0 |      22 |   0.0 |  1452
               +---------+---------+-------+---------+---------+-------+---------
           D:1 |       0 |      46 |   0.0 |       0 |      19 |   0.0 |  1414
           D:2 |       0 |       5 |   0.0 |       0 |       3 |   0.0 |    38
               +---------+---------+-------+---------+---------+-------+---------
